AoeStats
← Reaper

Runestones

507062673Analyzed
1v1 RM · 16d ago on Sep 16, 2026· 69m 33s· 2 players
Game mode
Random Map
Map size
Tiny (2 player)
Population
200
Speed
Normal
Resources
Standard
Victory
Conquest
Starting age
Dark Age
Ending age
Imperial Age
RankedLock teamsTeams togetherTeam positionsShared explorationLock speedFull tech treeHidden civsTurbo modeCheats
Victory
Defeat
🇪🇸 Spanish · Spain
700
+38
🇺🇦 Magyars · Ukraine
734
-43
JuanJe797
11:16 Feudal Age
16:50 Castle Age
16:21 Gold Mining
16:25 Stone Mining
16:22 Double-Bit Axe
19:08 Loom
19:37 Pikeman
21:35 Bloodlines
31:38 Husbandry
34:08 Town Watch
35:03 Wheelbarrow
34:26 Light Cavalry
36:07 Hand Cart
35:43 Horse Collar
41:39 Imperial Age
39:48 Scale Barding Armor
42:31 Chain Barding Armor
42:22 Forging
42:56 Conscription
44:45 Elite Conquistador
46:07 Hoardings
46:03 Scale Mail Armor
49:14 Cavalier
52:12 Paladin
56:49 Bow Saw
57:47 Hussar
65:33 Halberdier
67:57 Squires
67:44 Gambesons
Reaper
12:31 Feudal Age
15:16 Wheelbarrow
14:31 Double-Bit Axe
16:42 Horse Collar
22:13 Fletching
22:30 Padded Archer Armor
22:30 Gold Mining
22:35 Stone Mining
24:38 Scale Barding Armor
25:23 Arson
28:30 Castle Age
28:33 Pikeman
29:39 Chain Barding Armor
29:28 Scale Mail Armor
29:45 Leather Archer Armor
29:46 Bow Saw
29:39 Heavy Plow
31:34 Bloodlines
31:24 Husbandry
30:52 Elite Skirmisher
32:58 Hand Cart
36:35 Corvinian Army
37:24 Bodkin Arrow
42:45 Imperial Age
42:58 Cavalier
43:55 Elite Magyar Huszar
49:14 Crop Rotation
51:21 Two-Man Saw
52:57 Paladin
60:39 Plate Barding Armor
Connection lost

Rejoining the realm…

Still unreachable

The connection could not be restored.

Session expired

The server has moved on; the page needs a fresh start.